 Dungeon Crawl Stone Soup version 0.23.2-1-ga50397a (webtiles) character file.

Game seed: 5747430234232799121

1166 xveg the Ruffian (level 8, 0/67 HPs)
             Began as a Grey Draconian Berserker on May 15, 2019.
             Was a Priest of Trog.
             Shot with an arrow by a centaur (10 damage)
             ... on level 6 of the Dungeon.
             The game lasted 00:06:10 (4890 turns).

xveg the Ruffian (Grey Draconian Berserker)         Turns: 4890, Time: 00:06:10

Health: 0/67       AC: 12    Str: 21    XL:     8   Next: 17%
Magic:  8/8        EV: 14    Int:  8    God:    Trog [***...]
Gold:   288        SH:  0    Dex: 11    Spells: 7/7 levels left

rFire    . . .     SeeInvis .   w - +0 long sword
rCold    . . .     Gourm    .   (no shield)
rNeg     . . .     Faith    .   (armour unavailable)
rPois    .         Spirit   .   (helmet restricted)
rElec    .         Reflect  .   p - +0 cloak
rCorr    .         Harm     .   (no gloves)
MR       ++...     Rnd*Tele +   (no boots)
Stlth    ++........             (no amulet)
HPRegen  1.21/turn              s - ring of teleportation (curse)
MPRegen  0.11/turn              (no ring)

@: marked, berserk cooldown, regenerating, slowed, very slow
A: walk through water, unfitting armour, unbreathing, cold-blooded, AC +11
a: Berserk, Trog's Hand, Renounce Religion


You were on level 6 of the Dungeon.
You worshipped Trog.
Trog was most pleased with you.
You were hungry.

You visited 1 branch of the dungeon, and saw 6 of its levels.

You collected 288 gold pieces.

Inventory:

Hand Weapons
 w - a +0 long sword (weapon)
Armour
 c - a +0 chain mail
 p - a +0 cloak (worn)
 v - the +1 leather armour "Recraus" {rPois MR+ Dex-4, unknown}
   (You found it on level 5 of the Dungeon)

   It affects your dexterity (-4).
   It protects you from poison.
   It affects your resistance to hostile enchantments.
Jewellery
 s - a cursed ring of teleportation (left hand)
Wands
 y - a wand of iceblast (4)
Scrolls
 b - 3 scrolls of remove curse {unknown}
 g - 2 scrolls of fog {unknown}
 h - 4 scrolls of teleportation {unknown}
 j - 4 scrolls of identify {unknown}
 m - 4 scrolls of blinking {unknown}
 n - a scroll of enchant armour {unknown}
 r - a scroll of random uselessness {unknown}
 u - a scroll of magic mapping {unknown}
Potions
 d - 3 potions of might
 e - a potion of resistance {unknown}
 f - a potion of haste {unknown}
 i - 4 potions of curing {unknown}
 k - 6 potions of heal wounds {unknown}
 l - 2 potions of berserk rage {unknown}
 o - a potion of brilliance {unknown}
 q - a potion of agility {unknown}
 t - 2 potions of invisibility {unknown}
 x - a potion of flight {unknown}
 z - a potion of magic {unknown}
Comestibles
 a - 6 rations


   Skills:
 + Level 4.8 Fighting
 * Level 5.4 Long Blades
 + Level 5.0 Dodging
 + Level 1.8 Stealth
 - Level 5.9 Unarmed Combat


You had 7 spell levels left.
You didn't know any spells.
Your spell library was empty.

Dungeon Overview and Level Annotations

Branches:
Dungeon (6/15)
 Temple: D:4-7

Altars:
Ru


Innate Abilities, Weirdness & Mutations

You can walk through water.
Your dull iron-grey scales are very hard. (AC +11)
You cannot fit into any form of body armour.
You can survive without breathing.
You are cold-blooded and may be slowed by cold attacks.


Message History

You kill the jackal!
Trog accepts your kill.
A kobold comes into view.
The centaur shoots an arrow.
The arrow hits you.
* * * LOW HITPOINT WARNING * * *
The jackal barely misses you.
The jackal bites you but does no damage.
A kobold comes into view. It is wielding a staff of air.
The centaur shoots an arrow.
The arrow hits you!
* * * LOW HITPOINT WARNING * * *
The jackal bites you but does no damage. x2
Your skin crawls.
You feel resistant to hostile enchantments.
You are feeling hungry.
The centaur shoots an arrow.
The arrow hits you but does no damage. The jackal bites you.
* * * LOW HITPOINT WARNING * * *
The jackal bites you but does no damage.
The centaur shoots an arrow.
The arrow hits you!
You die...

..........#
#.........#
#........##
##.........# .
##.......).## ..#
#..[....K...#..#
#.....#c#(K....##
#...h†hKKK.....#
#.!.†@####.....#
###...# #.....
#...... .....
##.....# ....
##....# ...
(..... ...
#...... #.......


You could see a big kobold, a centaur, 2 jackals and 4 kobolds.

Vanquished Creatures
  Grinder (D:5)
  2 ogres
  2 bullfrogs
  A scorpion (D:5)
  A howler monkey (D:5)
  A crimson imp (D:4)
  3 orc priests (D:4)
  A hound (D:5)
  3 orc wizards (D:4)
  An iguana (D:5)
  4 worker ants
  Natasha (twice) (D:4)
  Terence (D:2)
  A howler monkey skeleton (D:5)
  7 adders
  A shadow imp (D:6)
  An adder skeleton (D:4)
  4 worms
  A dart slug (D:3)
  A leopard gecko (D:6)
  5 orcs
  4 bats
  6 giant cockroaches
  8 goblins
  4 hobgoblins
  18 jackals
  8 kobolds
  3 quokkas
  2 frilled lizards
  7 rats
104 creatures vanquished.

Notes
Turn   | Place    | Note
-------+----------+-------------------------------------------
     0 | D:1      | xveg the Draconian Berserker began the quest for the Orb.
     0 | D:1      | Reached XP level 1. HP: 19/19 MP: 1/1
   217 | D:1      | Reached XP level 2. HP: 26/26 MP: 2/2
   803 | D:2      | Reached XP level 3. HP: 15/33 MP: 3/3
  1027 | D:2      | Noticed Terence
  1039 | D:2      | Killed Terence
  1362 | D:2      | Reached XP level 4. HP: 40/40 MP: 4/4
  1849 | D:3      | Reached ** piety under Trog
  2082 | D:3      | Noticed a bullfrog
  2092 | D:3      | Killed a bullfrog
  2092 | D:3      | Reached XP level 5. HP: 26/46 MP: 5/5
  2592 | D:4      | Noticed an ogre
  2600 | D:4      | Killed an ogre
  2600 | D:4      | Reached skill level 1 in Stealth
  2600 | D:4      | Reached skill level 5 in Unarmed Combat
  2600 | D:4      | Reached XP level 6. HP: 36/53 MP: 6/6
  3212 | D:4      | Reached skill level 1 in Long Blades
  3260 | D:4      | Noticed Natasha
  3270 | D:4      | Killed Natasha
  3270 | D:4      | Reached *** piety under Trog
  3270 | D:4      | Your scales start taking on a dull iron-grey colour.
  3270 | D:4      | Reached XP level 7. HP: 36/60 MP: 7/7
  3270 | D:4      | Gained mutation: You can survive without breathing. [Grey
                  | Draconian growth]
  3492 | D:4      | Found a sacrificial altar of Ru.
  3927 | D:4      | Noticed Natasha
  3942 | D:4      | Killed Natasha
  4077 | D:5      | Entered Level 5 of the Dungeon
  4199 | D:5      | Got a crude leather armour
  4400 | D:5      | Noticed Grinder
  4405 | D:5      | Paralysed by Grinder for 4 turns
  4420 | D:5      | Killed Grinder
  4859 | D:6      | Reached skill level 5 in Long Blades
  4859 | D:6      | Reached XP level 8. HP: 46/67 MP: 8/8
  4884 | D:6      | Reached skill level 5 in Dodging
  4890 | D:6      | Shot with an arrow by a centaur

Skill      XL: |  1  2  3  4  5  6  7  8 |
---------------+-------------------------+-----
Dodging        | 3 4 5 |  5.0
Fighting       | 4 |  4.8
Unarmed Combat | 4 5 |  5.9
Stealth        | 1 |  1.8
Long Blades    | 1 5 |  5.4

Action                   |  1- 3 |  4- 6 |  7- 9 || total
-------------------------+-------+-------+-------++-------
Melee: Unarmed           |   108 |   101 |       ||   209
       Tailslap          |     8 |    22 |    13 ||    43
       Punch             |     1 |     4 |     5 ||    10
       Long sword        |       |    55 |   102 ||   157
Invok: Berserk           |     1 |     2 |     2 ||     5
       Trog's Hand       |       |       |     1 ||     1
 Stab: Sleeping          |       |     1 |       ||     1
  Eat: Chunk             |     2 |     5 |       ||     7
       Ration            |       |     2 |     1 ||     3
Armor: Skin              |    27 |    38 |    73 ||   138
Dodge: Dodged            |    70 |    90 |   138 ||   298
       Rpst.: Long sword |       |     5 |    37 ||    42
